 Dungeon Crawl Stone Soup version 0.30-a0-639-g3916f1956a (webtiles) character file.

Game seed: 6432435394536305868

28296 elagabalus the Thaumaturge (level 13, -35/107 HPs)
             Began as a Gnoll Warper on Jan 15, 2023.
             Was an Elder of Ashenzari.
             Killed from afar by Jorgrun (42 damage)
             ... with an iron shot
             ... on level 15 of the Dungeon.
             The game lasted 01:34:32 (10858 turns).

elagabalus the Thaumaturge (Gnoll Warper)          Turns: 10858, Time: 01:34:32

Health: -35/107    AC: 13    Str: 13    XL:     13   Next: 37%
Magic:  28/28      EV: 19    Int: 14    God:    Ashenzari [****..]
Gold:   535        SH:  0    Dex: 19    Spells: 23/35 levels left

rFire   + . .      SeeInvis +    r - +11 great mace of the Restrained Loss {pain, rPois Will+, Alch, Bglg} (curse)
rCold   . . .      Faith    .    (shield currently unavailable)
rNeg    . . .      Spirit   .    N - +0 troll leather armour of Cremastomancy {rPois Regen+ Dex+3, Fort, Melee} (curse)
rPois   +          Reflect  .    G - +1 helmet
rElec   .          Harm     .    t - +1 cloak "Circumscribed With Me" {Self, Melee} (curse)
rCorr   .          Rampage  .    A - +1 pair of gloves "Gaze Upon Infinity" {Fort, Melee} (curse)
Will    +....      Clarity  +    (no boots)
Stlth   +++++                    g - amulet "Ruined Gnosis" {Regen+ Dex+3, Range, Cun} (curse)
HPRegen 1.97/turn                O - ring of flight
MPRegen 0.21/turn                D - ring of protection from fire

@: flying
A: fangs 1, strong nose, distributed training
a: Renounce Religion, Curse Item, Shatter the Chains


You were on level 15 of the Dungeon.
You worshipped Ashenzari.
Ashenzari was greatly pleased with you.
You visited 2 branches of the dungeon, and saw 16 of its levels.

You collected 957 gold pieces.
You spent 422 gold pieces at shops.

Inventory:

Hand Weapons
 r - the cursed +11 great mace of the Restrained Loss (weapon) {pain, rPois Will+, Alch, Bglg}
   (You acquired it on level 4 of the Dungeon)

   rPois:     It protects you from poison.
   Will:      It increases your willpower.
   It has a curse which improves the following skills: Alchemy: Poison Magic and
   Transmutations.
   Beguiling: Conjurations, Hexes and Translocations.
 s - a +3 quarterstaff of chaos
 x - a +0 rapier
 y - a +0 demon blade of pain
Missiles
 d - 5 boomerangs of dispersal (quivered)
 j - 3 throwing nets
 l - 101 stones
 w - 23 poisoned darts
 C - 7 boomerangs
Armour
 b - a +2 pair of gloves
 t - the cursed +1 cloak "Circumscribed With Me" (worn) {Self, Melee}
   (You took it off Crazy Yiuf on level 2 of the Dungeon)

   It has a curse which improves the following skills: Introspection: Fighting
   and Spellcasting.
   Melee Combat: Short Blades, Long Blades, Axes, Maces & Flails, Polearms,
   Staves and Unarmed Combat.
 A - the cursed +1 pair of gloves "Gaze Upon Infinity" (worn) {Fort, Melee}
   (You found it on level 3 of the Dungeon)

   It has a curse which improves the following skills: Fortitude: Armour and
   Shields.
   Melee Combat: Short Blades, Long Blades, Axes, Maces & Flails, Polearms,
   Staves and Unarmed Combat.
 G - a +1 helmet (worn)
 N - the cursed +0 troll leather armour of Cremastomancy (worn) {rPois Regen+ Dex+3, Fort, Melee}
   (You bought it in a shop on level 7 of the Dungeon)

   Dex:       It affects your dexterity (+3).
   rPois:     It protects you from poison.
   Regen:     It increases your rate of health regeneration.
   It has a curse which improves the following skills: Fortitude: Armour and
   Shields.
   Melee Combat: Short Blades, Long Blades, Axes, Maces & Flails, Polearms,
   Staves and Unarmed Combat.
Magical Staves
 z - a staff of cold
Jewellery
 g - the cursed amulet "Ruined Gnosis" (around neck) {Regen+ Dex+3, Range, Cun}
   (You acquired it on level 2 of the Dungeon)

   [amulet of regeneration]

   Dex:       It affects your dexterity (+3).
   Regen:     It increases your rate of health regeneration.
   It has a curse which improves the following skills: Ranged Combat: Ranged
   Weapons and Throwing.
   Cunning:   Dodging and Stealth.
 D - a ring of protection from fire (right hand)
 O - a ring of flight (left hand)
Wands
 H - a wand of polymorph (8)
 I - a wand of roots (10)
 M - a wand of paralysis (4)
 Q - a wand of mindburst (10)
 R - a wand of flame (8)
Scrolls
 c - 5 scrolls of blinking
 e - a scroll of fear
 k - 3 scrolls of teleportation
 q - 2 scrolls of noise
 u - a scroll of brand weapon
 v - a scroll of silence
 E - 2 scrolls of amnesia
 J - 8 scrolls of magic mapping
 K - 10 scrolls of identify
 L - 3 scrolls of enchant weapon
Potions
 a - 4 potions of flight
 f - 5 potions of mutation
 h - 2 potions of invisibility
 i - 3 potions of heal wounds
 m - a potion of haste
 n - a potion of might
 o - 4 potions of lignification
 p - a potion of cancellation
 B - 11 potions of curing
 F - 5 potions of brilliance
 P - a potion of berserk rage


   Skills:
 + Level 9.7(11.7) Fighting
 + Level 8.5(12.4) Short Blades
 + Level 9.7(13.6) Long Blades
 + Level 8.5(12.4) Axes
 + Level 8.5(12.4) Maces & Flails
 + Level 8.5(12.4) Polearms
 + Level 8.5(12.4) Staves
 + Level 8.5(10.5) Ranged Weapons
 + Level 9.0(11.0) Throwing
 + Level 9.0(12.0) Armour
 + Level 9.7(11.7) Dodging
 + Level 8.5(10.5) Stealth
 + Level 8.5(11.5) Shields
 + Level 8.5(12.4) Unarmed Combat
 + Level 10.0(11.9) Spellcasting
 + Level 7.1(9.1) Conjurations
 + Level 7.1(9.1) Hexes
 + Level 7.1 Summonings
 + Level 7.1 Necromancy
 + Level 9.1(11.1) Translocations
 + Level 7.1(9.1) Transmutations
 + Level 7.1 Fire Magic
 + Level 7.1 Ice Magic
 + Level 7.1 Air Magic
 + Level 7.1 Earth Magic
 + Level 7.1(9.1) Poison Magic
 + Level 9.3 Invocations
 + Level 8.5 Evocations


You had 23 spell levels left.
You knew the following spells:

 Your Spells              Type           Power      Damage    Failure   Level
a - Blink                 Tloc           78%        N/A       1%          2
b - Vhi's Electric Charg  Tloc/Air       66%        N/A       1%          3
c - Manifold Assault      Tloc           39%        N/A       1%          4
d - Kindle Blastsparks    Fire/Tloc/Air  64%        2d15      1%          3

Your spell library contained the following spells:

 Spells                   Type           Power      Damage    Failure   Level
 Shock                    Conj/Air       100%       1d9       1%          1
 Lesser Beckoning         Tloc           78%        N/A       1%          2
 Call Canine Familiar     Summ           28%        N/A       1%          3
 Ignite Poison            Fire/Tmut/Pois 32%        N/A       1%          3
 Portal Projectile        Hex/Tloc       72%        N/A       1%          3
 Swiftness                Air            28%        N/A       1%          3
 Teleport Other           Tloc           39%        N/A       1%          3
 Leda's Liquefaction      Hex/Erth       15%        N/A       3%          4
 Airstrike                Air            14%        2d(2-18)  5%          4
 Summon Forest            Summ/Tloc      16%        N/A       7%          5
 Silence                  Hex/Air        15%        N/A       10%         5
 Freezing Cloud           Conj/Ice/Air   15%        6-21      12%         5
 Lee's Rapid Deconstruct  Erth           14%        3d9*      16%         5
 Eringya's Noxious Bog    Tmut/Pois      17%        N/A       36%         6
 Statue Form              Tmut/Erth      20%        N/A       50%         6
 Summon Hydra             Summ           14%        N/A       99%         7


Dungeon Overview and Level Annotations

Branches:
Dungeon (15/15)            Temple (1/1) D:5            Lair (0/5) D:11
    Orc (0/2) D:11         Vaults (0/5) D:13
 Depths: D:15

Altars:
Ashenzari
Cheibriados
Dithmenos
Elyvilon
Fedhas
Gozag
Hepliaklqana
Kikubaaqudgha
Makhleb
Nemelex Xobeh
Okawaru
Qazlal
Ru
Sif Muna
Trog
Uskayaw
Vehumet
Wu Jian
Xom
Yredelemnul
Zin
The Shining One

Shops:
D:7 *

Portals:
Trove: D:11 (give +3 ice dragon scales)

Annotations:
D:15 Jorgrun


Innate Abilities, Weirdness & Mutations

You have very sharp teeth.
Your uncanny sense of smell can sniff out nearby items.
Your experience applies equally to all skills.


Message History

You see here a scroll of amnesia.
Jorgrun points at you and mumbles some strange words.
Roots burst forth from the earth!
The grasping roots grab you! The grasping roots constrict you.
You escape the roots grasp.
Jorgrun gestures at you while chanting.
You easily resist.
You see here a scroll of amnesia.
E - 2 scrolls of amnesia (gained 1) Jorgrun gestures at you while chanting.
You easily resist.
Jorgrun hits you with a staff of earth!
You hit Jorgrun.
Jorgrun is lightly wounded.
Jorgrun hits you with a staff of earth! Jorgrun shatters you!
You sock Jorgrun!
Jorgrun writhes in agony.
Jorgrun is lightly wounded.
Jorgrun gestures at you while chanting.
You easily resist.
You closely miss Jorgrun.
Jorgrun is lightly wounded.
Jorgrun hits you with a staff of earth!
You hit Jorgrun but do no damage.
Jorgrun writhes in agony.
Jorgrun is lightly wounded.
Jorgrun hits you but does no damage. Jorgrun shatters you!!
You sock Jorgrun!
Jorgrun writhes in agony.
Your bite misses Jorgrun.
Jorgrun is moderately wounded.
Jorgrun gestures at you while chanting. The iron shot misses you.
You bludgeon Jorgrun!!
Jorgrun writhes in agony.
Jorgrun is heavily wounded.
Jorgrun casts a spell at you. The iron shot hits you!!!
* * * LOW HITPOINT WARNING * * *
You thump Jorgrun! You bite Jorgrun, but do no damage.
Jorgrun is severely wounded.
Jorgrun gestures at you while chanting. The iron shot hits you!!!
You die...

############)..)........
,*
...........(.)..........
........................,
,
####....................,,
* #...............^....
,,* *#.........^..........
,......................,,,
, ......................,
############..@..?...., ,*
#..g....... #.......... ,
#.........., * #..........
,, * * ** * #.......... ,
* ,,, ,,........... , , ,,
............,, , ,,,, ,


You could see Jorgrun.

Vanquished Creatures
  The ghost of Athrin the Severer, a journeyman HOFi of Zin (D:12)
  A vault guard (D:13)
  A boulder beetle (D:14)
  3 two-headed ogres
  2 tengu warriors
  A dancing weapon (D:12)
  Sonja (D:13)
  A swamp dragon (shapeshifter) (D:13)
  A wizard (D:14)
  A deep elf pyromancer (D:13)
  4 ugly things
  A wolf spider (D:13)
  An orc knight (D:15)
  4 cyclopes
  A manticore (D:12)
  3 slime creatures (D:12)
  A gargoyle (D:12)
  Psyche (D:9)
  4 kobold demonologists
  2 unseen horrors (D:11)
  A komodo dragon (D:13)
  A tengu conjurer (D:14)
  6 trolls
  A raiju (shapeshifter) (D:13)
  2 shadows
  A vampire (D:14)
  A wraith (D:10)
  A wyvern (D:9)
  40 yaks
  A basilisk (D:13)
  7 vampire mosquitoes
  A steam dragon (D:9)
  An acid dragon (D:11)
  2 water moccasins
  A black bear (shapeshifter) (D:13)
  5 black bears
  3 ice beasts
  3 sky beasts (D:6)
  3 orc warriors
  2 ogres (D:5)
  3 centaurs
  2 kobold brigands (D:9)
  A gnoll sergeant (D:6)
  A bullfrog (D:6)
  A scorpion (D:5)
  14 killer bees
  5 howler monkeys
  3 jellies
  6 orc priests
  Crazy Yiuf (D:2)
  3 hounds
  16 orc wizards
  2 iguanas
  8 gnolls
  7 adders
  A shadow imp (D:7)
  2 white imps
  An ufetubus (D:4)
  4 worms
  5 dart slugs
  49 orcs
  6 ball pythons
  3 bats
  5 endoplasms
  4 giant cockroaches
  10 hobgoblins
  2 jackals (D:1)
  7 quokkas
  3 frilled lizards
  4 goblins
  20 kobolds
  6 rats
323 creatures vanquished.

Vanquished Creatures (others)
  An orc wizard (D:4)
  A kobold (D:12)
2 creatures vanquished.

Grand Total: 325 creatures vanquished

Notes
Turn   | Place    | Note
-------+----------+-------------------------------------------
     0 | D:1      | elagabalus the Gnoll Warper began the quest for the Orb.
     0 | D:1      | Reached XP level 1. HP: 20/20 MP: 6/6
    82 | D:1      | Reached XP level 2. HP: 13/26 MP: 7/7
    89 | D:1      | Learned a level 2 spell: Blink
   469 | D:1      | Reached skill level 5 in Spellcasting
   469 | D:1      | Reached XP level 3. HP: 31/31 MP: 7/9
   778 | D:2      | Identified a scroll of acquirement
   778 | D:2      | Acquired the amulet "Obuti" {Regen+ Dex+3}
   912 | D:2      | You fall into a shaft and drop 2 floors!
   933 | D:4      | Learned a level 3 spell: Vhi's Electric Charge
  1051 | D:3      | Reached skill level 1 in Invocations
  1069 | D:3      | Reached skill level 1 in Short Blades
  1069 | D:3      | Reached skill level 1 in Axes
  1069 | D:3      | Reached skill level 1 in Maces & Flails
  1069 | D:3      | Reached skill level 1 in Polearms
  1069 | D:3      | Reached skill level 1 in Staves
  1069 | D:3      | Reached skill level 1 in Ranged Weapons
  1069 | D:3      | Reached skill level 1 in Stealth
  1069 | D:3      | Reached skill level 1 in Shields
  1069 | D:3      | Reached skill level 1 in Unarmed Combat
  1069 | D:3      | Reached skill level 1 in Evocations
  1262 | D:2      | Reached XP level 4. HP: 38/38 MP: 11/11
  1315 | D:2      | Learned a level 4 spell: Manifold Assault
  1358 | D:2      | Found a runed translucent door.
  1359 | D:2      | Noticed Crazy Yiuf
  1367 | D:2      | Killed Crazy Yiuf
  1368 | D:2      | Reached skill level 1 in Conjurations
  1368 | D:2      | Reached skill level 1 in Hexes
  1368 | D:2      | Reached skill level 1 in Summonings
  1368 | D:2      | Reached skill level 1 in Necromancy
  1368 | D:2      | Reached skill level 1 in Transmutations
  1368 | D:2      | Reached skill level 1 in Fire Magic
  1368 | D:2      | Reached skill level 1 in Ice Magic
  1368 | D:2      | Reached skill level 1 in Air Magic
  1368 | D:2      | Reached skill level 1 in Earth Magic
  1368 | D:2      | Reached skill level 1 in Poison Magic
  1777 | D:2      | Found a sacrificial altar of Ru.
  1933 | D:3      | Reached XP level 5. HP: 30/43 MP: 12/12
  2036 | D:3      | Found a snail-covered altar of Cheibriados.
  2602 | D:4      | Noticed a water moccasin
  2638 | D:4      | Killed a water moccasin
  2639 | D:4      | Reached skill level 5 in Fighting
  2639 | D:4      | Reached skill level 5 in Long Blades
  2639 | D:4      | Reached skill level 5 in Dodging
  2639 | D:4      | Reached XP level 6. HP: 45/51 MP: 11/14
  2648 | D:4      | Acquired the +11 great mace of Welfare {pain, rPois Will+}
  2651 | D:4      | Noticed a black bear
  2656 | D:4      | Killed a black bear
  3069 | D:4      | Reached XP level 7. HP: 52/56 MP: 15/15
  3547 | D:5      | Entered Level 5 of the Dungeon
  3713 | D:5      | Found a staircase to the Ecumenical Temple.
  3719 | Temple   | Entered the Ecumenical Temple
  3813 | Temple   | Became a worshipper of Ashenzari the Shackled
  4172 | D:5      | Learned a level 3 spell: Kindle Blastsparks
  4287 | D:5      | Reached XP level 8. HP: 63/63 MP: 16/16
  4543 | D:6      | Reached skill level 6 in Spellcasting
  4627 | D:6      | Noticed a yak
  4632 | D:6      | Noticed a yak
  4632 | D:6      | Noticed a yak
  4632 | D:6      | Noticed a yak
  4632 | D:6      | Noticed a yak
  4640 | D:6      | Killed a yak
  4643 | D:6      | Killed a yak
  4645 | D:6      | Killed a yak
  4646 | D:6      | Reached XP level 9. HP: 41/69 MP: 18/18
  4651 | D:6      | Reached skill level 5 in Throwing
  4651 | D:6      | Reached skill level 5 in Armour
  4744 | D:6      | Found a glowing silver altar of Zin.
  4745 | D:6      | Found a white marble altar of Elyvilon.
  4745 | D:6      | Found a glowing golden altar of the Shining One.
  4800 | D:6      | Reached * piety under Ashenzari
  5027 | D:6      | Reached skill level 5 in Invocations
  5050 | D:6      | Found a blossoming altar of Fedhas.
  5186 | D:7      | Found Mele's General Store.
  5344 | D:7      | Reached skill level 7 in Spellcasting
  5351 | D:7      | Reached skill level 5 in Short Blades
  5351 | D:7      | Reached skill level 5 in Axes
  5351 | D:7      | Reached skill level 5 in Maces & Flails
  5351 | D:7      | Reached skill level 5 in Polearms
  5351 | D:7      | Reached skill level 5 in Staves
  5351 | D:7      | Reached skill level 5 in Ranged Weapons
  5351 | D:7      | Reached skill level 5 in Stealth
  5351 | D:7      | Reached skill level 5 in Shields
  5351 | D:7      | Reached skill level 5 in Unarmed Combat
  5351 | D:7      | Reached skill level 5 in Evocations
  5351 | D:7      | Reached XP level 10. HP: 12/77 MP: 2/20
  5463 | D:7      | Reached ** piety under Ashenzari
  5920 | D:7      | Found a hazy altar of Hepliaklqana.
  5920 | D:7      | Found a shadowy altar of Dithmenos.
  6138 | D:8      | Reached *** piety under Ashenzari
  6274 | D:8      | Identified the +3 trident of Tomorrow {heavy, rCorr SInv}
  6398 | D:8      | Found a burning altar of Makhleb.
  6400 | D:8      | Noticed a balrug
  6404 | D:8      | Noticed a smoke demon
  6404 | D:8      | Noticed an orange demon
  6748 | D:9      | Noticed Psyche
  6754 | D:9      | Killed Psyche
  6771 | D:9      | Noticed a two-headed ogre
  6845 | D:7      | Bought the +0 troll leather armour of the Bulwark {rPois
                  | Regen+ Dex+3} for 422 gold pieces
  6958 | D:9      | Killed a two-headed ogre
  6959 | D:9      | Reached skill level 5 in Conjurations
  6959 | D:9      | Reached skill level 5 in Hexes
  6959 | D:9      | Reached skill level 5 in Summonings
  6959 | D:9      | Reached skill level 5 in Necromancy
  6959 | D:9      | Reached skill level 5 in Transmutations
  6959 | D:9      | Reached skill level 5 in Fire Magic
  6959 | D:9      | Reached skill level 5 in Ice Magic
  6959 | D:9      | Reached skill level 5 in Air Magic
  6959 | D:9      | Reached skill level 5 in Earth Magic
  6959 | D:9      | Reached skill level 5 in Poison Magic
  7065 | D:9      | Reached skill level 8 in Spellcasting
  7065 | D:9      | Reached XP level 11. HP: 84/89 MP: 4/24
  7194 | D:10     | Entered Level 10 of the Dungeon
  7264 | D:10     | Found an ancient bone altar of Kikubaaqudgha.
  7352 | D:10     | Found a radiant altar of Vehumet.
  7370 | D:10     | Found an iron altar of Okawaru.
  7942 | D:11     | Noticed a two-headed ogre
  7952 | D:11     | Killed a two-headed ogre
  8074 | D:11     | Found a portal to a secret trove of treasure.
  8248 | D:11     | Found a staircase to the Orcish Mines.
  8471 | D:11     | Found a snail-covered altar of Cheibriados.
  8544 | D:11     | Found a staircase to the Lair.
  8840 | D:12     | Reached XP level 12. HP: 86/97 MP: 4/26
  8874 | D:12     | Found a runed translucent door.
  8874 | D:12     | Found a shimmering altar of Xom.
  8874 | D:12     | Noticed Athrin's ghost (journeyman HOFi)
  8874 | D:12     | Identified Amuiz's Catalogue of Feathers
  8906 | D:12     | Killed Athrin's ghost
  8950 | D:12     | Reached skill level 9 in Spellcasting
  9696 | D:13     | Reached **** piety under Ashenzari
  9727 | D:13     | Noticed a vault guard
  9742 | D:13     | Killed a vault guard
  9753 | D:13     | Found a gate to the Vaults.
  9836 | D:13     | Found a broken altar of Ashenzari.
  9852 | D:13     | Noticed Sonja
  9886 | D:13     | Killed Sonja
  9926 | D:13     | Noticed a two-headed ogre
  9934 | D:13     | Killed a two-headed ogre
  9935 | D:13     | Reached XP level 13. HP: 81/106 MP: 24/28
 10676 | D:15     | Entered Level 15 of the Dungeon
 10839 | D:15     | Reached skill level 10 in Spellcasting
 10843 | D:15     | Noticed Jorgrun
 10857 | D:15     | HP: 4/107 [Jorgrun/iron shot (40)]
 10858 | D:15     | Killed from afar by Jorgrun

Illustrated notes

Levels and vault maps discovered:
D:1:      heliophobic_arrival_glass_houses, layout_loops_ring
D:2:      layout_basic, basic_altar, uniq_crazy_yiuf_cottage
D:3:      layout_loops_cross, lemuel_round_altar, st_stairs_5,
          grunt_decor_fettered, chequers_serial_rivers_room_b
D:4:      layout_basic
D:5:      layout_layer_cave, minmay_temple_entry_fiery
D:6:      minmay_general_purpose_star, layout_rooms, good_gods_temple_1,
          mainiacjoe_overflow_cross_hatched, minmay_liquid_box
D:7:      layout_cave_pods, riverfiend_overflow_shadow_ancestor, serial_shops,
          nicolae_shop_waterfront, dreamdust_gnoll_farm
D:8:      layout_cave_pools, makhleb_altar_promises_db
D:9:      layout_irregular_city, uniq_psyche
D:10:     nicolae_BIG_FREAKIN_CUBE, layout_rooms,
          mainiacjoe_overflow_small_starburst,
          mainiacjoe_overflow_catwalk_spiral
D:11:     layout_grid_maze, lair_entry_dummy, orc_0_dummy, enter_trove_0,
          kennysheep_slug_shrine
D:12:     layout_long_grid, ebering_ghost_xom
D:13:     layout_basic, david_vaults_5, ashenzari_conservatory_becter,
          uniq_sonja
D:14:     layout_rooms, minivault_27, kennysheep_generic_room_14
D:15:     grunt_enter_depths_magical_seal, layout_long_grid,
          roderic_serpentine_path, uniq_jorgrun
Temple:   grunt_temple_mini_profane

Skill      XL: |  1  2  3  4  5  6  7  8  9 10 11 12 13 |
---------------+----------------------------------------+-----
Spellcasting   | 5 6 7 8 9 10 | 10.0
Invocations    | 1 2 3 4 5 6 7 8 9 |  9.3
Short Blades   | 1 2 3 4 5 6 7 8 |  8.5
Axes           | 1 2 3 4 5 6 7 8 |  8.5
Maces & Flails | 1 2 3 4 5 6 7 8 |  8.5
Polearms       | 1 2 3 4 5 6 7 8 |  8.5
Staves         | 1 2 3 4 5 6 7 8 |  8.5
Ranged Weapons | 1 2 3 4 5 6 7 8 |  8.5
Stealth        | 1 2 3 4 5 6 7 8 |  8.5
Shields        | 1 2 3 4 5 6 7 8 |  8.5
Unarmed Combat | 1 2 3 4 5 6 7 8 |  8.5
Evocations     | 1 2 3 4 5 6 7 8 |  8.5
Conjurations   | 1 2 3 4 5 6 7 |  7.1
Hexes          | 1 2 3 4 5 6 7 |  7.1
Summonings     | 1 2 3 4 5 6 7 |  7.1
Necromancy     | 1 2 3 4 5 6 7 |  7.1
Transmutations | 1 2 3 4 5 6 7 |  7.1
Fire Magic     | 1 2 3 4 5 6 7 |  7.1
Ice Magic      | 1 2 3 4 5 6 7 |  7.1
Air Magic      | 1 2 3 4 5 6 7 |  7.1
Earth Magic    | 1 2 3 4 5 6 7 |  7.1
Poison Magic   | 1 2 3 4 5 6 7 |  7.1
Throwing       | 3 4 5 6 7 8 9 |  9.0
Armour         | 3 4 5 6 7 8 9 |  9.0
Fighting       | 5 6 7 8 9 |  9.7
Long Blades    | 5 6 7 8 9 |  9.7
Dodging        | 5 6 7 8 9 |  9.7
Translocations | 6 7 8 9 |  9.1

Action                   |  1- 3 |  4- 6 |  7- 9 | 10-12 | 13-15 || total
-------------------------+-------+-------+-------+-------+-------++-------
Melee: Falchion          |   113 |     6 |       |       |       ||   119
       Bite              |     7 |    11 |    17 |    29 |     3 ||    67
       Demon blade       |       |    76 |       |       |       ||    76
       Quarterstaff      |       |    15 |       |       |       ||    15
       Punch             |       |     2 |       |       |       ||     2
       Great mace        |       |    18 |   169 |   475 |    69 ||   731
Throw: Boomerang         |       |     2 |       |       |       ||     2
 Cast: Blink             |     5 |     1 |       |     3 |       ||     9
       Manifold Assault  |       |       |     6 |    79 |    10 ||    95
       Vhi's Electric Ch |       |       |       |     5 |       ||     5
Invok: Curse Item        |       |       |     1 |     4 |       ||     5
  Use: Scroll            |     6 |     1 |     9 |     2 |       ||    18
       Potion            |       |     1 |     2 |     7 |       ||    10
 Stab: Sleeping          |       |       |     3 |    12 |     3 ||    18
       Distracted        |       |       |       |     1 |       ||     1
       Invisible         |       |       |       |     3 |       ||     3
Armor: Leather armour    |    36 |       |    52 |    40 |       ||   128
       Scale mail        |       |    63 |    27 |       |       ||    90
       Troll leather arm |       |       |       |    93 |    16 ||   109
Dodge: Dodged            |    77 |    60 |   127 |   349 |    41 ||   654

Table legend: (Time is in decaauts)
 A = Elapsed time spent in this place.
 B = Non-inter-level travel time spent in this place.
 C = Inter-level travel time spent in this place.
 D = Time resting spent in this place.
 E = Time spent auto-exploring this place.
 F = Levels seen in this place.
 G = Mean time per level.
                   A        B        C        D        E       F      G
               +--------+--------+--------+--------+--------+-----+--------+
         Total |  11063 |   2500 |   8563 |      0 |      0 |  16 |  691.4 |
       Dungeon |  10822 |   2495 |   8327 |      0 |      0 |  15 |  721.5 |
        Temple |    240 |      4 |    236 |      0 |      0 |   1 |  240.0 |
               +--------+--------+--------+--------+--------+-----+--------+

Top non-repeatable levels by time:
     D:4: 1134 daAuts
    D:11: 935 daAuts
     D:7: 889 daAuts
     D:2: 871 daAuts
     D:1: 857 daAuts
    D:12: 852 daAuts
     D:3: 774 daAuts
     D:5: 734 daAuts
    D:10: 724 daAuts
     D:6: 684 daAuts
     D:9: 661 daAuts
    D:13: 567 daAuts
     D:8: 517 daAuts
    D:14: 437 daAuts
  Temple: 240 daAuts
